 Dungeon Sprint DCSS version 0.30-a0-964-gd452b5e7fa (webtiles) character file.

Game seed: 13116960192523867650

5287 Hubris850 the Brawler (level 10, -1/88 HPs)
             Began as a Troll Berserker on Mar 30, 2023.
             Was the Champion of Trog.
             Shot with a bolt by a yaktaur captain (29 damage)
             ... in the Dungeon (Sprint V: "Ziggurat Sprint").
             The game lasted 00:06:25 (582 turns).

Hubris850 the Brawler (Troll Berserker)              Turns: 582, Time: 00:06:27

Health: -1/88      AC: 22    Str: 29    XL:     10   Next: 37%
Magic:  9/9        EV:  0    Int:  3    God:    Trog [******]
Gold:   0          SH: 28    Dex: 11    Spells: 9/9 levels left

rFire   + + .      SeeInvis .      - Unarmed
rCold   + . .      Faith    .    z - +18 shield of the Gong {Loud rN+ Will+ rCorr EV-5}
rNeg    + . .      Spirit   .    h - +5 gold dragon scales
rPois   +          Reflect  .    (helmet restricted)
rElec   .          Rampage  .    (no cloak)
rCorr   +          NoTele   +    (gloves unavailable)
Will    ++...                    (boots unavailable) Stlth
                                 E - amulet of the acrobat
HPRegen 1.14/turn                F - +4 ring of slaying
MPRegen 0.11/turn                C - ring of Day {Fly rF+ Will+ Slay+3}

@: flying, studying Throwing
A: large, unfitting armour, claws 3, regeneration 1, shaggy fur 1, tough skin 1
a: Renounce Religion, Berserk, Trog's Hand, Brothers in Arms


You were in the Dungeon.
You worshipped Trog.
Trog was exalted by your worship.
You visited 1 branch

Inventory:

Hand Weapons
 A - the +7 great mace "Firestarter" {flame, inner flame, rFlCloud rF++}
   (You found it in the Dungeon)

   rFlCloud:  It grants immunity to clouds of flame.
   rF:        It greatly protects you from fire.
 D - the +8 demon trident "Rift" {distort, reach+}
   (You found it in the Dungeon)
 G - the +8 frozen axe "Frostbite" {freeze, freezing cloud, *Noise Fly rC+}
   (You found it in the Dungeon)

   rC:        It protects you from cold.
   Fly:       It grants you flight.
   *Noise:    It may make noises in combat.
Armour
 a - a +0 animal skin
 h - +5 gold dragon scales (worn)
 i - a +3 tower shield
 z - the +18 shield of the Gong (worn) {Loud rN+ Will+ rCorr EV-5}
   (You found it in the Dungeon)

   Loud:      It is deafeningly noisy when blocking attacks.
   EV:        It affects your evasion (-5).
   rN:        It protects you from negative energy.
   rCorr:     It protects you from acid and corrosion.
   Will:      It increases your willpower.
Jewellery
 s - a ring of flight
 t - a +6 ring of dexterity
 u - a +6 ring of dexterity
 v - a +6 ring of intelligence
 w - a +6 ring of intelligence
 x - a +6 ring of strength
 y - a +6 ring of strength
 B - a ring of protection from cold
 C - the ring of Day (right claw) {Fly rF+ Will+ Slay+3}
   (You found it in the Dungeon)

   [ring of protection from fire]

   Slay:      It affects your accuracy & damage with ranged weapons and melee
   (+3).
   rF:        It protects you from fire.
   Fly:       It grants you flight.
   Will:      It increases your willpower.
 E - an amulet of the acrobat (around neck)
 F - a +4 ring of slaying (left claw)
Wands
 q - a wand of mindburst (7)
 r - a wand of light (7)
Scrolls
 g - 4 scrolls of blinking
 j - 8 scrolls of fog
 k - 5 scrolls of identify
 l - 2 scrolls of fear
Potions
 b - 10 potions of curing
 c - 17 potions of heal wounds
 d - 10 potions of haste
 e - 7 potions of magic
 f - 3 potions of berserk rage
 m - 2 potions of invisibility
 n - 4 potions of resistance
 p - 5 potions of might
Miscellaneous
 o - a condenser vane


   Skills:
 - Level 2.4 Fighting
 + Level 7.1 Armour
 + Level 6.2 Dodging
 - Level 8.0 Shields
 * Level 18.0 Unarmed Combat
 - Level 8.0 Evocations


You had 9 spell levels left.
You didn't know any spells.
Your spell library was empty.

Dungeon Overview and Level Annotations

Branches:
Dungeon (1/1)

Altars:
Ashenzari
Cheibriados
Dithmenos
Elyvilon
Fedhas
Gozag
Hepliaklqana
Kikubaaqudgha
Makhleb
Nemelex Xobeh
Okawaru
Qazlal
Ru
Sif Muna
Trog
Uskayaw
Vehumet
Wu Jian
Xom
Yredelemnul
Zin
The Shining One
Jiyva
Lugonu

Annotations:
D 1 transporter


Innate Abilities, Weirdness & Mutations

You are too large for most types of armour.
You have claws for hands.
Your natural rate of healing is unusually fast.
You are covered in fur. (AC +1)
You have tough skin. (AC +1)


Message History

The yaktaur is almost dead.
The yaktaur is engulfed in blazing flames.
You kill the yaktaur!
Trog accepts your kill.
Unknown command.
You scratch the yaktaur.
You kill the yaktaur!
Trog accepts your kill.
The yaktaur unwields a +0 arbalest.
You block the yaktaur's attack.
GONNNNG!
The yaktaur captain is engulfed in blazing flames.
The yaktaur captain shoots a bolt.
SHROANNG!
You block the bolt.
The yaktaur is engulfed in blazing flames.
The yaktaur captain is engulfed in blazing flames.
You block the cyclops's attack.
PANG!
Your condenser vane has recharged.
You mangle the cyclops!!
You kill the cyclops!
Trog accepts your kill.
The yaktaur captain is engulfed in blazing flames.
The yaktaur is engulfed in blazing flames.
You kill the yaktaur!
Trog accepts your kill.
The yaktaur captain is engulfed in blazing flames.
The yaktaur captain shoots a bolt.
The bolt hits you!
The yaktaur hits you but does no damage.
Your Armour skill increases to level 7!
Your Dodging skill increases to level 6!
Your Unarmed Combat skill increases to level 18!
You barely miss the yaktaur captain.
The yaktaur captain is severely wounded.
The yaktaur captain unwields a +0 arbalest.
You block the yaktaur captain's attack.
PANG!
The yaktaur captain is engulfed in blazing flames.
The yaktaur captain shoots a bolt.
The bolt hits you!!
You die...

▓....©....▓...©...▓
▓▓▓▓▓▓▓▓▓▓▓▓▓▓▓▓▓▓▓
▓...8§8...▓
▓§§§§§§§§.▓
▓§§§§§§§§.▓
▓§§§§§§§§.▓
▓..c§§§§..▓
▓...(cc...▓
▓....@....▓
▓.▓.....▓.▓
▓....©....▓
▓▓▓▓▓▓▓▓▓▓▓


You could see 2 yaktaur captains and a yaktaur.

Vanquished Creatures
  A cyclops (D)
  3 yaktaurs (D)
  4 merfolk (D)
  A hornet (D)
  6 spriggans (D)
  2 hell hounds (D)
  4 black bears (D)
  9 wolves (D)
  2 centaurs (D)
  A phantom (D)
  2 necrophages (D)
  A wight (D)
  An iguana (D)
  A river rat (D)
  3 adder zombies (D)
  2 bat skeletons (D)
  A bat zombie (D)
  A jackal (D)
  2 ball python skeletons (D)
  A quokka skeleton (D)
  4 quokka zombies (D)
52 creatures vanquished.

Notes
Turn   | Place    | Note
-------+----------+-------------------------------------------
     0 | D        | Hubris850 the Troll Berserker began the quest for the Orb.
     0 | D        | Reached XP level 1. HP: 22/22 MP: 0/0
    13 | D        | Found a blossoming altar of Fedhas.
    13 | D        | Found the +6 Majin-Bo {spellvamp, MP+6 Int+6}
    13 | D        | Found the +27 heavy crossbow "Sniper" {heavy, Acc+∞ SInv}
    13 | D        | Found the +10 dark maul {heavy}
    13 | D        | Found the +15 Maxwell's patent armour {-Cast -Tele rElec
                  | Will+ rCorr}
    13 | D        | Found the +18 shield of the Gong {Loud rN+ Will+ rCorr
                  | EV-5}
    13 | D        | Found the +16 obsidian axe {drain, demonic, Mesm Drain Fly
                  | SInv}
    13 | D        | Found the +7 great mace "Firestarter" {flame, inner flame,
                  | rFlCloud rF++}
    13 | D        | Found the +6 shillelagh "Devastator" {shatter}
    13 | D        | Found the +11 plutonium sword {Contam Stlth-}
    13 | D        | Found the +8 lance "Wyrmbane" {slay drac, rPois rF+ rC+
                  | AC+3}
    13 | D        | Found the +9 sword of Zonguldrok {reap}
    13 | D        | Found the +13 scythe of Curses {drain, curses, Drain}
    13 | D        | Found the +9 sword of Power {lifebolt}
    13 | D        | Found the +7 mace of Variability {chaos, chain chaos}
    13 | D        | Found the +11 Singing Sword {sonic wave}
    13 | D        | Found the +8 storm bow {elec, penet}
    15 | D        | Found a viscous altar of Jiyva.
    15 | D        | Found a hazy altar of Hepliaklqana.
    15 | D        | Found a transporter.
    15 | D        | Found an opulent altar of Gozag.
    15 | D        | Found an ancient bone altar of Kikubaaqudgha.
    15 | D        | Found a corrupted altar of Lugonu.
    20 | D        | Found a burning altar of Makhleb.
    21 | D        | Found a sacrificial altar of Ru.
    21 | D        | Found a shimmering blue altar of Sif Muna.
    21 | D        | Found a stormy altar of Qazlal.
    21 | D        | Found a bloodstained altar of Trog.
    21 | D        | Found an iron altar of Okawaru.
    21 | D        | Found a sparkling altar of Nemelex Xobeh.
    48 | D        | Reached skill level 6 in Unarmed Combat
    48 | D        | Reached XP level 2. HP: 29/29 MP: 1/1
    54 | D        | Entered arena 2.
    54 | D        | Noticed a necrophage
    54 | D        | Found a transporter.
    58 | D        | Killed a necrophage
    59 | D        | Reached skill level 8 in Unarmed Combat
    59 | D        | Reached XP level 3. HP: 36/36 MP: 2/2
    66 | D        | Entered arena 3.
    66 | D        | Found a transporter.
    71 | D        | Reached ** piety under Trog
    74 | D        | Reached XP level 4. HP: 44/44 MP: 3/3
    75 | D        | Reached skill level 5 in Shields
    75 | D        | Reached skill level 9 in Unarmed Combat
    84 | D        | Entered arena 4.
    84 | D        | Noticed a hell hound
    84 | D        | Found a transporter.
    89 | D        | Killed a hell hound
    89 | D        | Reached *** piety under Trog
    90 | D        | Reached skill level 10 in Unarmed Combat
    90 | D        | Reached XP level 5. HP: 50/50 MP: 4/4
   102 | D        | Entered arena 5.
   102 | D        | Noticed a merfolk
   102 | D        | Noticed a merfolk
   102 | D        | Noticed a merfolk
   102 | D        | Noticed a merfolk
   102 | D        | Found a transporter.
   107 | D        | Killed a merfolk
   107 | D        | Reached **** piety under Trog
   108 | D        | Reached skill level 11 in Unarmed Combat
   108 | D        | Reached XP level 6. HP: 45/59 MP: 5/5
   108 | D        | Killed a merfolk
   108 | D        | Killed a merfolk
   109 | D        | Reached skill level 13 in Unarmed Combat
   109 | D        | Reached skill level 5 in Evocations
   109 | D        | Reached XP level 7. HP: 52/66 MP: 6/6
   109 | D        | Killed a merfolk
   110 | D        | Reached XP level 8. HP: 59/74 MP: 7/7
   228 | D        | Got the ring of Day {Fly rF+ Will+ Slay+3}
   234 | D        | Entered arena 6.
   234 | D        | Found the +3 robe of Clouds {*Thunder rCloud rElec}
   234 | D        | Found a transporter.
   236 | D        | Reached skill level 1 in Armour
   236 | D        | Reached skill level 14 in Unarmed Combat
   236 | D        | Reached ***** piety under Trog
   238 | D        | Reached skill level 15 in Unarmed Combat
   349 | D        | Entered arena 7.
   351 | D        | Found a transporter.
   354 | D        | Received a gift from Trog
   364 | D        | Reached XP level 9. HP: 80/80 MP: 8/8
   382 | D        | Entered arena 8.
   382 | D        | Found the +8 demon trident "Rift" {distort, reach+}
   383 | D        | Found a transporter.
   393 | D        | Reached ****** piety under Trog
   407 | D        | Entered arena 9.
   408 | D        | Found a transporter.
   414 | D        | Received a gift from Trog
   446 | D        | Entered arena 10.
   446 | D        | Found the +8 frozen axe "Frostbite" {freeze, freezing
                  | cloud, *Noise Fly rC+}
   446 | D        | Noticed a spriggan rider
   447 | D        | Received a gift from Trog
   448 | D        | Reached skill level 5 in Armour
   448 | D        | Reached skill level 16 in Unarmed Combat
   448 | D        | Found a transporter.
   450 | D        | Killed a spriggan rider
   451 | D        | Reached skill level 5 in Dodging
   451 | D        | Reached skill level 17 in Unarmed Combat
   451 | D        | Reached XP level 10. HP: 88/88 MP: 9/9
   574 | D        | Entered arena 11.
   574 | D        | Noticed a yaktaur captain
   574 | D        | Noticed a yaktaur captain
   574 | D        | Noticed a cyclops
   575 | D        | Found a transporter.
   578 | D        | Received a gift from Trog
   581 | D        | Killed a cyclops
   582 | D        | Reached skill level 18 in Unarmed Combat
   582 | D        | Shot with a bolt by a yaktaur captain

Illustrated notes

Levels and vault maps discovered:
D:        sprint_v [room_start, room_1, room_2, room_3, room_4, room_5, room_6,
          room_7, room_8, room_9, room_10, room_11, room_12, room_13, room_14,
          room_15, room_16, room_17, room_18, room_19, room_20, room_21,
          room_22, room_23, room_24, room_25, room_26, room_27]

Skill      XL: |  1  2  3  4  5  6  7  8  9 10 |
---------------+-------------------------------+-----
Shields        | 3 4 6 7 8 |  8.0
Unarmed Combat | 6 8 10 11 13 15 17 18 | 18.0
Evocations     | 2 3 5 6 8 |  8.0
Armour         | 3 6 7 |  7.1
Dodging        | 5 6 |  6.2
Fighting       | |  2.4

Action                     |  1- 3 |  4- 6 |  7- 9 | 10-12 || total
---------------------------+-------+-------+-------+-------++-------
  Melee: Unarmed           |    10 |    11 |    46 |     4 ||    71
  Evoke: Condenser vane    |       |     1 |     3 |     1 ||     5
    Use: Potion            |     1 |       |       |     1 ||     2
   Stab: Confused          |       |       |     2 |       ||     2
 Armour: Gold dragon scale |     4 |     5 |    14 |     1 ||    24
  Dodge: Dodged            |       |       |       |     1 ||     1
  Block: Kite shield       |    14 |    21 |    62 |    14 ||   111

Table legend: (Time is in decaauts)
 A = Elapsed time spent in this place.
 B = Non-inter-level travel time spent in this place.
 C = Inter-level travel time spent in this place.
 D = Time resting spent in this place.
 E = Time spent auto-exploring this place.
 F = Levels seen in this place.
 G = Mean time per level.
                   A        B        C        D        E       F      G
               +--------+--------+--------+--------+--------+-----+--------+
         Total |    568 |    568 |      0 |    313 |      0 |   1 |  568.0 |
       Dungeon |    568 |    568 |      0 |    313 |      0 |   1 |  568.0 |
               +--------+--------+--------+--------+--------+-----+--------+

Top non-repeatable levels by time:
       D: 568 daAuts
